 Dungeon Crawl Stone Soup version 0.21-a0-518-g43a1781 (webtiles) character file.

221 Gerstahl the Twirler (level 5, -4/43 HPs)
             Began as a Demonspawn Gladiator on Dec 5, 2017.
             Killed from afar by an orc wizard (9 damage)
             ... with a puff of frost
             ... on level 3 of the Dungeon.
             The game lasted 00:04:24 (3289 turns).

Gerstahl the Twirler (Demonspawn Gladiator)         Turns: 3289, Time: 00:04:24

Health: -4/43      AC: 10    Str: 14    XL:     5   Next: 65%
Magic:  5/5        EV: 12    Int: 10    God:
Gold:   177        SH:  0    Dex: 15    Spells: 4/4 levels left

rFire    . . .     SeeInvis .   a - +0 quarterstaff
rCold    . . .     Gourm    .   (shield currently unavailable)
rNeg     . . .     Faith    .   b - +0 leather armour
rPois    .         Spirit   .   c - +0 helmet
rElec    .         Reflect  .   (no cloak)
rCorr    .         Harm     .   (no gloves)
MR       .....                  (no boots)
Stlth    +.........             (no amulet)
HPRegen  0.14/turn              (no ring)
MPRegen  0.09/turn              (no ring)

@: sanguine armour
A: rot immunity, sanguine armour 1
a: no special abilities


You were on level 3 of the Dungeon.
You were not hungry.

You visited 1 branch of the dungeon, and saw 3 of its levels.

You collected 177 gold pieces.

Inventory:

Hand Weapons
 a - a +0 quarterstaff (weapon)
Missiles
 d - 3 throwing nets (quivered)
 i - 22 poisoned needles
Armour
 b - a +0 leather armour (worn)
 c - a +0 helmet (worn)
Jewellery
 o - an uncursed amulet of guardian spirit {unknown}
Scrolls
 j - a scroll of identify {unknown}
 l - 2 scrolls of remove curse {unknown}
 n - a scroll of enchant armour {unknown}
 p - a scroll of enchant weapon {unknown}
 q - a scroll of noise {unknown}
Potions
 e - a potion of might {unknown}
 g - 3 potions of curing {unknown}
 h - a potion of mutation {unknown}
 k - a potion of lignification {unknown}
Comestibles
 f - 2 bread rations
 m - a fruit
 r - a chunk of flesh


   Skills:
 + Level 4.4 Fighting
 + Level 4.5 Staves
 - Level 1.7 Throwing
 - Level 2.6 Dodging


You had 4 spell levels left.
You didn't know any spells.

Dungeon Overview and Level Annotations

Branches:
Dungeon (3/15)

Altars:
Gozag
Okawaru
Trog
Uskayaw
Vehumet
Xom


Innate Abilities, Weirdness & Mutations

You are immune to rotting.
When seriously injured, your bleeding wounds create armour. (AC +6)


Message History

The orc wizard points at you and mumbles some strange words.
The puff of flame hits you!
* * * LOW HITPOINT WARNING * * *
You barely miss the orc wizard.
The orc wizard is lightly wounded.
The orc wizard hits you but does no damage.
The orc wizard hits you with a dagger.
* * * LOW HITPOINT WARNING * * *
You hit the orc wizard.
The orc wizard is heavily wounded.
The orc wizard closely misses you.
You hit the orc wizard.
The orc wizard is severely wounded.
The orc wizard looks encouraged for a moment.
The orc wizard closely misses you.
You hit the orc wizard.
The orc wizard is almost dead.
The orc wizard points at you and mumbles some strange words.
The puff of frost hits you!
You die...

............##.##.##.#
##.######.#.##.##.##.#
#.#.#....#.##.##..#.#
#.#(..()...##.###.#.#
#.#.#..........)..#.#
#........###.###..#.#
###.....)# #.# #....#
######.###+###.#..#
#...'_'.@o#..#
#.#######)#...' #.#
### #.#...#. #.# ###
#.#.... .. #.. ...
.....<.. . ### ###
......... ... ...


You could see an orc wizard.

Vanquished Creatures
  An orc priest (D:3)
  3 gnolls (D:3)
  6 adders
  An ooze (D:2)
  4 worms
  2 dart slugs
  4 leopard geckos
  3 orcs (D:3)
  4 giant cockroaches
  16 goblins
  7 hobgoblins
  2 jackals (D:2)
  6 quokkas
  A ball python (D:2)
  3 bats (D:2)
  3 frilled lizards
  9 kobolds
  4 rats
79 creatures vanquished.

Notes
Turn   | Place    | Note
-------+----------+-------------------------------------------
     0 | D:1      | Gerstahl the Demonspawn Gladiator began the quest for the Orb.
     0 | D:1      | Reached XP level 1. HP: 16/16 MP: 1/1
   123 | D:1      | Gained mutation: When seriously injured, your bleeding wounds create armour. (AC +6) [demonic ancestry]
   123 | D:1      | Reached XP level 2. HP: 16/23 MP: 2/2
   597 | D:1      | Reached XP level 3. HP: 28/28 MP: 3/3
  1430 | D:2      | Found a shimmering altar of Xom.
  1432 | D:2      | Found a shattered altar of Ashenzari.
  1432 | D:2      | Found a bloodstained altar of Trog.
  1434 | D:2      | Found a radiant altar of Vehumet.
  1434 | D:2      | Found a bloodstained altar of Trog.
  1434 | D:2      | Found an opulent altar of Gozag.
  1569 | D:2      | Gained mutation: You are immune to rotting. [demonic ancestry]
  1569 | D:2      | Reached XP level 4. HP: 21/35 MP: 4/4
  1909 | D:2      | Found an iron altar of Okawaru.
  2815 | D:3      | Reached XP level 5. HP: 42/42 MP: 5/5
  3260 | D:3      | Found a hide-covered altar of Uskayaw.
  3289 | D:3      | Killed from afar by an orc wizard

Vault maps used:
D:1:      moated_graveyard_arrival, minmay_liquid_box
D:2:      doesnt_xom_only_xom, okawaru_ov_weapons_minmay
D:3:      lemuel_doored_altar

Skill      XL: |  1  2  3  4  5 |
---------------+----------------+-----
Staves         | 3 4 |  4.5
Fighting       | 3 4 |  4.4
Throwing       | |  1.7
Dodging        | |  2.6

Action                   |  1- 3 |  4- 6 || total
-------------------------+-------+-------++-------
Melee: Quarterstaff      |   156 |   148 ||   304
Throw: Throwing net      |       |     1 ||     1
 Stab: Sleeping          |     1 |     1 ||     2
       Distracted        |       |     1 ||     1
       Held in net/web   |       |     1 ||     1
  Eat: Chunk             |     2 |     6 ||     8
Armor: Leather armour    |    48 |    32 ||    80
Dodge: Dodged            |   108 |   118 ||   226

Table legend:
 A = Spawn XP
 B = Non-spawn XP
 C = Spawn XP percentage of total XP
 D = Spawn monster count
 E = Non-spawn monster count
 F = Spawn count percentage of total count
 G = Total turns spent on level
                    A         B        C        D         E        F      G
               +---------+---------+-------+---------+---------+-------+---------
         Total |       0 |     316 |   0.0 |       0 |      79 |   0.0 |  3289
               +---------+---------+-------+---------+---------+-------+---------
           D:1 |       0 |      47 |   0.0 |       0 |      24 |   0.0 |   902
           D:2 |       0 |      83 |   0.0 |       0 |      31 |   0.0 |  1352
           D:3 |       0 |     186 |   0.0 |       0 |      24 |   0.0 |  1035
               +---------+---------+-------+---------+---------+-------+---------
